 Dungeon Crawl Stone Soup version 0.29.0-10-g45618ea6d2 (webtiles) character file.

Game seed: 12296451788109501077

157 concernfroge the Trooper (level 5, -19/46 HPs)
             Began as a Mummy Monk on Sept 2, 2022.
             Demolished by an ogre
             ... wielding a +0 giant club
              (26 damage)
             ... on level 6 of the Dungeon.
             The game lasted 00:07:56 (2706 turns).

concernfroge the Trooper (Mummy Monk)               Turns: 2706, Time: 00:07:57

Health: -19/46     AC: 10    Str: 17    XL:     5   Next: 15%
Magic:  5/5        EV:  5    Int:  9    God:
Gold:   135        SH:  0    Dex: 14    Spells: 4/4 levels left

rFire   . . .      SeeInvis .   i - +2 flail (vorpal)
rCold   . . .      Faith    .   (no shield)
rNeg    + + +      Spirit   .   j - +0 plate armour
rPois   ∞          Reflect  .   (no helmet)
rElec   .          Harm     .   (no cloak)
rCorr   .          Rampage  .   (no gloves)
Will    .....                   (no boots)
Stlth   ..........              (no amulet)
HPRegen 0.15/turn               e - ring of fire
MPRegen 0.09/turn               (no ring)

@: weak-willed
A: cold resistance 1, negative energy resistance 3, torment resistance 2, heat
vulnerability 1, in touch with death 1, no potions
a: no special abilities


You were on level 6 of the Dungeon.
You visited 1 branch of the dungeon, and saw 4 of its levels.

You collected 135 gold pieces.

Inventory:

Hand Weapons
 i - a +2 vorpal flail (weapon)
Missiles
 c - a boomerang (quivered)
 h - 6 datura-tipped darts
Armour
 j - a +0 plate armour (worn)
Jewellery
 a - a ring of see invisible
 e - a ring of fire (left hand)
Scrolls
 f - a scroll of amnesia


   Skills:
 + Level 5.9 Fighting
 - Level 2.4 Polearms
 - Level 2.4 Dodging
 - Level 1.5 Stealth


You had 4 spell levels left.
You didn't know any spells.
Your spell library contained the following spells:

 Spells                   Type           Power      Damage    Failure   Level
 Foxfire                  Conj/Fire      0%         2x1d4     100%        1
 Sting                    Tmut/Pois      0%         1d3       100%        1
 Poisonous Vapours        Pois/Air       0%         N/A       100%        2
 Conjure Flame            Conj/Fire      0%         6-21      100%        3
 Inner Flame              Hex/Fire       0%         N/A       100%        3
 Flame Wave               Conj/Fire      0%         2d4       100%        4
 Olgreb's Toxic Radiance  Pois           0%         N/A       100%        4


Dungeon Overview and Level Annotations

Branches:
Dungeon (3/15)

Altars:


Innate Abilities, Weirdness & Mutations

You are immune to poison.
Your flesh is cold resistant. (rC+)
You are immune to negative energy. (rN+++)
You are immune to unholy pain and torment.
You are vulnerable to heat. (rF-)
You are in touch with the powers of death.
You do not drink.


Message History

An ogre comes into view. It is wielding a +0 giant club.
The ogre shouts!
You hear a shout!
Okay, then.
The gnoll hits you with a +0 whip.
You sock the gnoll!
The gnoll is almost dead.
The gnoll hits you but does no damage.
You sock the gnoll!
You kill the gnoll!
You hit the gnoll.
The gnoll is moderately wounded.
A gnoll comes into view. It is wielding a +0 spear.
The gnoll hits you with a +0 club.
The gnoll sergeant hits you but does no damage.
The gnoll sergeant hits you from afar with a +2 spear of flaming!
The gnoll sergeant burns you. The gnoll hits you but does no damage.
A gnoll comes into view. It is wielding a +2 vorpal halberd.
The gnoll shouts!
You hit the gnoll.
The gnoll is severely wounded.
The gnoll hits you with a +0 club.
The gnoll sergeant hits you from afar with a +2 spear of flaming.
The gnoll sergeant burns you.
* * * LOW HITPOINT WARNING * * *
You hit the gnoll.
You kill the gnoll!
The gnoll sergeant hits you from afar with a +2 spear of flaming.
* * * LOW HITPOINT WARNING * * *
The gnoll sergeant burns you.
* * * LOW HITPOINT WARNING * * *
The ogre closely misses you.
The gnoll sergeant hits you but does no damage.
Okay, then.
You aren't carrying any items that you can evoke.
You aren't carrying any items that you can evoke.
You hit the gnoll.
The gnoll is heavily wounded.
The ogre hits you with a +0 giant club!!
Ouch! That really hurt!
You die...

.. ..................
#..##...........#g.gg
..#..O........##.#.#
##............##...##
#..............#....##
##....(.........#.....##
#............g.........#
#..###......###..##
#..O@ggg##....#...#
##..#######.....### ####
###..## ####


You could see an ogre, a gnoll sergeant and 3 gnolls.

Vanquished Creatures
  Jessica (D:2)
  Natasha (twice) (D:2)
  An adder (D:2)
  2 gnolls (D:6)
  2 worms (D:2)
  A dart slug (D:1)
  An endoplasm (D:1)
  A giant cockroach (D:2)
  5 goblins (D:1)
  5 hobgoblins
  2 quokkas
  6 ball pythons
  3 bats
  6 frilled lizards
  7 kobolds
  5 rats
50 creatures vanquished.

Vanquished Creatures (others)
  A demonic plant (D:1)
  5 fungi (D:2)
  11 plants (D:3)
  4 toadstools (D:2)
21 creatures vanquished.

Grand Total: 71 creatures vanquished

Notes
Turn   | Place    | Note
-------+----------+-------------------------------------------
     0 | D:1      | concernfroge the Mummy Monk began the quest for the Orb.
     0 | D:1      | Reached XP level 1. HP: 18/18 MP: 1/1
   205 | D:1      | Reached XP level 2. HP: 15/24 MP: 2/2
   606 | D:1      | Found a faded altar of an unknown god.
   866 | D:1      | Reached skill level 4 in Fighting
  1480 | D:2      | Noticed Jessica
  1489 | D:2      | Killed Jessica
  1490 | D:2      | Gained mutation: You are in touch with the powers of death.
                  | [Mummy growth]
  1490 | D:2      | Reached XP level 3. HP: 15/31 MP: 3/3
  1803 | D:2      | Noticed Natasha
  1812 | D:2      | Killed Natasha
  1813 | D:2      | Reached skill level 5 in Fighting
  1813 | D:2      | Reached XP level 4. HP: 23/39 MP: 4/4
  2294 | D:2      | Noticed Natasha
  2311 | D:2      | Killed Natasha
  2667 | D:3      | Reached XP level 5. HP: 46/46 MP: 5/5
  2677 | D:3      | You fall into a shaft and drop 3 floors!
  2698 | D:6      | Noticed an ogre
  2706 | D:6      | Demolished by an ogre

Illustrated notes

Levels and vault maps discovered:
D:1:      saegor_arrival_simple_d, layout_loops_corners,
          shapermc_ecumenical_altar_gd, minmay_misc_feat_rows
D:2:      layout_rooms, hangedman_glass_teeth, minmay_gold_behind_fungi,
          st_stairs_11, uniq_jessica, uniq_natasha
D:3:      layout_basic, chequers_temple_overflow_statue_of_worship,
          wad_woods_river_04, uniq_terence
D:6:      layout_cave_pools, minivault_5

Skill      XL: |  1  2  3 |
---------------+----------+-----
Fighting       | 4 5 |  5.9
Polearms       | |  2.4
Dodging        | |  2.4
Stealth        | |  1.5

Action                   |  1- 3 |  4- 6 || total
-------------------------+-------+-------++-------
Melee: Spear             |    74 |       ||    74
       Punch             |     3 |       ||     3
       Flail             |    31 |    47 ||    78
Throw: Boomerang         |     6 |       ||     6
  Use: Scroll            |     2 |     1 ||     3
 Stab: Sleeping          |     3 |       ||     3
Armor: Robe              |     5 |       ||     5
       Ring mail         |    34 |    12 ||    46
       Plate armour      |       |     9 ||     9
Dodge: Dodged            |    75 |    18 ||    93
